 Dungeon Crawl Stone Soup version 0.18-b1-20-g17449fe (webtiles) character file.

504 LORDOFBUTT the Ruffian (level 6, -1/59 HPs)
             Began as a Troll Berserker on May 3, 2016.
             Was a Priest of Trog.
             Slain by an orc
             ... wielding a +0 trident
              (9 damage)
             ... on level 4 of the Dungeon.
             The game lasted 00:02:47 (1938 turns).

LORDOFBUTT the Ruffian (Troll Berserker)            Turns: 1938, Time: 00:02:47

Health: -1/59      AC:  5    Str: 26    XL:     6   Next: 96%
Magic:  5/5        EV: 10    Int:  1    God:    Trog [***...]
Gold:   90         SH:  0    Dex: 11    Spells: 0 memorised, 5 levels left

rFire  . . .     SeeInvis .       - Unarmed
rCold  . . .     Gourm    +     a - +0 animal skin
rNeg   . . .     Faith    .     (no shield)
rPois  +         Spirit   .     (helmet restricted)
rElec  .         Dismiss  .     (no cloak)
rCorr  .         Reflect  .     (gloves unavailable)
SustAt +         Harm     .     (boots unavailable)
MR     .....                    (no amulet)
Stlth  +.........               n - ring of poison resistance
                                c - ring of sustain attributes

@: not resistant to hostile enchantments, very unstealthy
A: unfitting armour, claws 3, dopey 1, fast metabolism 3, gourmand, regeneration
2, shaggy fur 1, tough skin 2, evolution 1
a: Berserk, Trog's Hand, Burn Spellbooks, Renounce Religion


You were on level 4 of the Dungeon.
You worshipped Trog.
Trog was most pleased with you.
You were not hungry.

You visited 1 branch of the dungeon, and saw 4 of its levels.

You collected 90 gold pieces.

Inventory:

Armour
 a - a +0 animal skin (worn)
Jewellery
 c - a ring of sustain attributes (left claw)
 n - a ring of poison resistance (right claw)
 q - a cursed -2 ring of evasion {unknown}
Scrolls
 d - 3 scrolls of teleportation {unknown}
 e - 7 scrolls of identify {unknown}
 g - a scroll of amnesia {unknown}
 h - a scroll of enchant weapon {unknown}
 i - 2 scrolls of remove curse {unknown}
 j - 2 scrolls of magic mapping {unknown}
 t - a scroll of enchant armour {unknown}
Potions
 l - 2 potions of lignification {unknown}
 m - a potion of cancellation {unknown}
 p - a potion of heal wounds {unknown}
 r - a potion of haste {unknown}
 s - a potion of berserk rage {unknown}
Comestibles
 b - 2 bread rations
 f - 3 meat rations
 k - a fruit
 o - 2 slices of pizza


   Skills:
 - Level 2.5 Fighting
 - Level 2.8 Dodging
 - Level 0.1 Stealth
 + Level 7.7 Unarmed Combat


You had 5 spell levels left.
You didn't know any spells.

Dungeon Overview and Level Annotations

Branches:
Dungeon (4/15)
 Temple: D:4-7

Altars:

Shops:
D:4 (


Innate Abilities, Weirdness & Mutations

You are too large for most types of armour.
You have claws for hands.
Your metabolism is lightning-fast.
You like to eat raw meat.
You heal very quickly.
You are covered in fur (AC +1).
You have very tough skin (AC +2).
You are dopey. (Int -2)
You evolve.


Message History

The orc hits you but does no damage.
You are too injured to fight recklessly!
You are too injured to fight recklessly!
You are too injured to fight recklessly!
You claw the adder!
You kill the adder!
Trog accepts your kill. The orc hits you but does no damage.
The orc closely misses you.
The orc hits you from afar with a trident!
* * * LOW HITPOINT WARNING * * *
You barely miss the orc. The iguana barely misses you.
The orc barely misses you. The orc hits you but does no damage.
You claw the orc!
You kill the orc!
Trog accepts your kill. The orc hits you but does no damage.
The iguana barely misses you.
You closely miss the orc. The orc closely misses you. x2
The iguana barely misses you. The orc closely misses you.
The orc hits you with a trident!
You die...

.. #...!.#
..#####.....#
............
...........###.
...............
...........(..#
.......o..>....
......o@l.∩...#
........#######
........#
........##
######...###
...........#
.........#.#
........<..#
........####


You could see an iguana and 2 orcs.

Vanquished Creatures
  Sigmund (D:2)
  The ghost of LORDOFBUTT the Ruffian, an amateur TrMo (D:3)
  A howler monkey (D:3)
  A hound (D:4)
  An orc priest (D:4)
  An orc wizard (D:4)
  Robin (D:2)
  A gnoll (D:1)
  2 adders
  An ooze (D:2)
  4 dart slugs (D:1)
  2 giant geckos (D:2)
  2 orcs
  4 giant cockroaches
  18 goblins
  4 hobgoblins (D:2)
  3 jackals (D:2)
  A ball python (D:3)
  8 bats
  2 giant newts
  6 kobolds
  7 rats
72 creatures vanquished.

Notes
Turn   | Place    | Note
--------------------------------------------------------------
     0 | D:1      | LORDOFBUTT the Troll Berserker began the quest for the Orb.
     0 | D:1      | Reached XP level 1. HP: 22/22 MP: 0/0
   117 | D:1      | Reached XP level 2. HP: 4/29 MP: 1/1
   370 | D:1      | Reached XP level 3. HP: 36/36 MP: 2/2
   667 | D:2      | Reached skill level 4 in Unarmed Combat
   669 | D:2      | Noticed Sigmund
   688 | D:2      | Gained mutation: You evolve. [potion of mutation]
   688 | D:2      | Gained mutation: You are dopey. (Int -2) [potion of mutation]
   693 | D:2      | Killed Sigmund
   693 | D:2      | Reached skill level 5 in Unarmed Combat
   693 | D:2      | Reached XP level 4. HP: 5/44 MP: 3/3
   693 | D:2      | Reached XP level 5. HP: 6/50 MP: 4/4
   824 | D:2      | Reached skill level 6 in Unarmed Combat
   885 | D:2      | Reached ** piety under Trog
  1095 | D:2      | Noticed Robin
  1107 | D:2      | Killed Robin
  1458 | D:3      | Reached XP level 6. HP: 59/59 MP: 5/5
  1589 | D:3      | Noticed LORDOFBUTT's ghost (amateur TrMo)
  1602 | D:3      | Killed LORDOFBUTT's ghost
  1602 | D:3      | Reached skill level 7 in Unarmed Combat
  1922 | D:4      | Found Kejomn's Antique Weapon Emporium.
  1936 | D:4      | Reached *** piety under Trog
  1938 | D:4      | Slain by an orc

Skill      XL: |  1  2  3  4  5  6 |
---------------+-------------------+-----
Unarmed Combat | 5 6 7 |  7.7
Fighting       | |  2.5
Dodging        | |  2.8
Stealth        | |  0.1

Action                   |  1- 3 |  4- 6 || total
-------------------------+-------+-------++-------
Melee: Unarmed           |    47 |   115 ||   162
       Punch             |       |     2 ||     2
Invok: Berserk           |     1 |     2 ||     3
  Use: Potion            |     2 |     1 ||     3
 Stab: Sleeping          |     1 |     1 ||     2
  Eat: Chunk             |     5 |    17 ||    22
Armor: Animal skin       |    18 |    64 ||    82
Dodge: Dodged            |    21 |    79 ||   100
